 Dungeon Crawl Stone Soup version 0.29.0-4-gdea44cf6ec (webtiles) character file.

Game seed: 12624280951714895158

32473 qw the Warrior (level 13, -8/132 HPs)
             Began as a Minotaur Berserker on Sept 10, 2022.
             Was an Elder of Trog.
             Mangled by a large abomination (15 damage)
             ... on level 5 of the Lair of Beasts.
             The game lasted 00:04:15 (14406 turns).

qw the Warrior (Minotaur Berserker)                Turns: 14406, Time: 00:04:16

Health: -8/132     AC: 26    Str: 27    XL:     13   Next: 31%
Magic:  12/12      EV: 12    Int:  4    God:    Trog [****..]
Gold:   675        SH:  0    Dex: 10    Spells: 12/12 levels left

rFire   . . .      SeeInvis .   Y - +1 war axe
rCold   . . .      Faith    .   (no shield)
rNeg    + . .      Spirit   .   m - +2 pearl dragon scales
rPois   +          Reflect  .   e - +1 hat
rElec   .          Harm     .   (no cloak)
rCorr   .          Rampage  .   (no gloves)
Will    .....                   c - +2 pair of boots "Tauteom" {Slay+2}
Stlth   ..........              g - amulet of regeneration
HPRegen 1.12/turn               d - ring of poison resistance
MPRegen 0.13/turn               k - +4 ring of protection

@: about to teleport, on berserk cooldown, slowed, very slow
A: horns 2, retaliatory headbutt
a: Renounce Religion, Berserk, Trog's Hand, Brothers in Arms


You were on level 5 of the Lair of Beasts.
You worshipped Trog.
Trog was greatly pleased with you.
You visited 2 branches of the dungeon, and saw 13 of its levels.

You collected 780 gold pieces.
You spent 105 gold pieces at shops.


Innate Abilities, Weirdness & Mutations

You have a pair of horns on your head.
You reflexively headbutt those who attack you in melee.


   Skills:
 - Level 17.0 Fighting
 - Level 16.1 Axes
 - Level 3.0 Throwing
 - Level 12.1 Armour
 + Level 7.7 Dodging


You had 12 spell levels left.
You didn't know any spells.
Your spell library was empty.

Inventory:

Hand Weapons
 o - a +0 morningstar
 Y - a +1 war axe (weapon)
Missiles
 f - 3 boomerangs (quivered)
Armour
 c - the +2 pair of boots "Tauteom" (worn) {Slay+2}
   (You acquired it on level 4 of the Dungeon)

   Slay:      It affects your accuracy & damage with ranged weapons and melee
   (+2).
 e - a +1 hat (worn)
 m - +2 pearl dragon scales (worn)
Jewellery
 d - a ring of poison resistance (left hand)
 g - an amulet of regeneration (around neck)
 k - a +4 ring of protection (right hand)
 q - a +4 ring of evasion
Scrolls
 h - 4 scrolls of teleportation
 i - 6 scrolls of identify
Potions
 a - 7 potions of might
 b - 3 potions of heal wounds
 j - 3 potions of haste
 l - a potion of mutation {unknown}
 n - 8 potions of curing
 p - a potion of cancellation
 r - a potion of resistance

Dungeon Overview and Level Annotations

Branches:
Dungeon (8/15)             Temple (0/1) D:6            Lair (5/5) D:8
 Shoals (0/4) Lair:2       Spider (0/4) Lair:2        Slime (0/5) Lair:4

Altars:
Ashenzari
Cheibriados
Dithmenos
Fedhas
Hepliaklqana
Kikubaaqudgha
Makhleb
Okawaru
Trog
Uskayaw
Vehumet
Yredelemnul
Zin

Shops:
D:3 ?   D:8 *


Message History

You slice the large abomination!! You headbutt the large abomination.
The large abomination is almost destroyed.
You slash the death yak! x2
The large abomination hits you.
The death yak gores you but does no damage.
The death yak gores you!
A small abomination comes into view.
You barely miss the large abomination.
The large abomination is almost destroyed.
You hit the death yak but do no damage. You hit the death yak.
The large abomination hits you but does no damage.
The death yak gores you! The death yak closely misses you.
You hit the large abomination but do no damage.
You headbutt the large abomination.
The large abomination is almost destroyed.
You hit the death yak. You barely miss the death yak. The death yak gores you!
The death yak gores you but does no damage.
The large abomination barely misses you.
You closely miss the large abomination.
The large abomination is almost destroyed.
You completely miss the death yak. You hit the death yak but do no damage.
The death yak gores you but does no damage. x2
The large abomination hits you!
The death yak gores you but does no damage.
The death yak gores you!!
You completely miss the large abomination.
The large abomination is almost destroyed.
You slice the death yak!! You hit the death yak.
The large abomination hits you! The death yak gores you.
The death yak gores you but does no damage.
14406 ||| READING 5 scrolls of teleportation.
As you read the scroll of teleportation, it crumbles to dust.
You feel strangely unstable.
The spriggan changes into a hornet!
The large abomination barely misses you.
The death yak barely misses you. You furiously retaliate!
You headbutt the death yak! The death yak gores you!!
The large abomination hits you!
You die...

.....#
#...##.....###
7.7.77
##...#..#.....#
.....# #
.#........#...#
#.7.##
##.#...#....###.##
.##7#
.......##...# ..#
## ..P.#.####..#
..P # .......%...#
.. 7 ..#......##
(....#@7777
7....YYX7


777777YYx7 7yx77 .F77 ... 77. 7 You could see 4 death yaks, a large abomination,
a blink frog, a hornet shaped shifter and 2 small abominations.

Vanquished Creatures
  2 hydras
  Erica (Lair:2)
  13 death yaks
  A thrashing horror (Lair:5)
  Pikel (D:8)
  6 elephants (Lair:5)
  2 black mambas (Lair:5)
  8 cane toads
  4 komodo dragons
  7 rime drakes
  A hornet (D:7)
  Grinder (D:3)
  4 polar bears
  12 blink frogs
  34 yaks
  A wyvern (Lair:1)
  3 basilisks
  A steam dragon (D:7)
  Menkaure (D:5)
  15 water moccasins
  An acid dragon (D:8)
  2 orc warriors
  2 ice beasts (D:5)
  A sky beast (D:7)
  4 black bears
  3 ogres
  6 wolves (Lair:2)
  3 centaurs
  A phantom (D:6)
  A gnoll sergeant (D:8)
  2 necrophages (D:7)
  5 bullfrogs
  2 scorpions
  6 wights
  An electric eel (Lair:4)
  2 howler monkeys
  3 hounds
  7 jellies
  2 orc priests
  2 gnoll boudas (D:6)
  Terence (D:3)
  4 iguanas
  3 orc wizards
  14 gnolls
  6 adders
  A shadow imp (D:7)
  A white imp (D:8)
  An ufetubus (D:6)
  2 worms (D:2)
  2 dart slugs
  7 orcs
  7 ball pythons
  5 bats
  9 endoplasms
  4 giant cockroaches
  6 goblins
  2 hobgoblins
  12 jackals
  4 quokkas
  A frilled lizard (D:1)
  8 kobolds
  6 rats
280 creatures vanquished.

Vanquished Creatures (others)
  A human (D:7)
  21 fungi
  34 plants
56 creatures vanquished.

Grand Total: 336 creatures vanquished

Notes
Turn   | Place    | Note
-------+----------+-------------------------------------------
     0 | D:1      | qw the Minotaur Berserker began the quest for the Orb.
     0 | D:1      | Reached XP level 1. HP: 19/19 MP: 0/0
     0 | D:1      | 0 ||| qw: Version: 0.1-a-116-g5d60599
     0 | D:1      | 0 ||| qw: Game counter: 7597
     0 | D:1      | 0 ||| qw: Always use a shield: true
     0 | D:1      | 0 ||| qw: Do Orc after D:15 true
     0 | D:1      | 0 ||| qw: Do second Lair branch before Depths: true
     0 | D:1      | 0 ||| qw: Lair rune preference: random
     0 | D:1      | 0 ||| qw: Plans: Normal
     0 | D:1      | 0 ||| PLANNING D:1-11
    81 | D:1      | 81 ||| Stepping ~*~*~tactically~*~*~ (stealth).
    84 | D:1      | 84 ||| Stepping ~*~*~tactically~*~*~ (stealth).
   206 | D:1      | 206 ||| DROPPING +0 mace of holy wrath.
   263 | D:1      | Reached XP level 2. HP: 25/26 MP: 1/1
   563 | D:1      | 563 ||| Stepping ~*~*~tactically~*~*~ (stealth).
   577 | D:1      | 577 ||| Stepping ~*~*~tactically~*~*~ (stealth).
   875 | D:1      | 875 ||| UPGRADING to +0 ring mail.
   887 | D:1      | Reached ** piety under Trog
   888 | D:1      | Reached XP level 3. HP: 26/31 MP: 2/2
   936 | D:1      | 936 ||| DROPPING +0 animal skin.
   937 | D:1      | 937 ||| UPGRADING to +1 hat.
   942 | D:1      | 942 ||| DROPPING ring of magical power.
   943 | D:1      | 943 ||| READING scroll labelled WASSEA TEARGH.
  1044 | D:1      | 1044 ||| READING 2 scrolls labelled YMECZUINAR.
  1045 | D:1      | 1045 ||| DRINKING 2 clear potions.
  1112 | D:2      | 1112 ||| INVOKING Berserk.
  1607 | D:2      | 1607 ||| Stepping ~*~*~tactically~*~*~ (stealth).
  1660 | D:2      | Reached skill level 6 in Axes
  1660 | D:2      | Reached XP level 4. HP: 39/39 MP: 3/3
  1744 | D:2      | 1744 ||| Stepping ~*~*~tactically~*~*~ (stealth).
  1773 | D:2      | Noticed a scorpion
  1777 | D:2      | Killed a scorpion
  1778 | D:2      | Reached XP level 5. HP: 45/45 MP: 4/4
  2053 | D:2      | 2053 ||| UPGRADING to +0 pair of boots.
  2058 | D:2      | 2058 ||| UPGRADING to amulet of regeneration.
  2063 | D:2      | 2063 ||| READING scroll labelled DUIP UR FEG.
  2064 | D:2      | 2064 ||| READING 2 scrolls of identify.
  2064 | D:2      | 2064 ||| IDENTIFYING smoky silvery potion
  2065 | D:2      | 2065 ||| DROPPING potion of ambrosia.
  2188 | D:3      | Found Zuetef's Magic Scroll Shoppe.
  2196 | D:3      | 2196 ||| BUYING scroll of enchant weapon (105 gold).
  2196 | D:3      | Bought a scroll of enchant weapon for 105 gold pieces
  2196 | D:3      | 2196 ||| SHOPLISTING scroll of teleportation (42 gold, have
                  | 25).
  2196 | D:3      | 2196 ||| READING scroll of enchant weapon.
  2196 | D:3      | 2196 ||| ENCHANTING +0 hand axe.
  2200 | D:3      | Found a faded altar of an unknown god.
  2201 | D:3      | 2201 ||| Stepping ~*~*~tactically~*~*~ (hiding).
  2229 | D:3      | Noticed Terence
  2231 | D:3      | 2231 ||| INVOKING Berserk.
  2235 | D:3      | Killed Terence
  2236 | D:3      | Reached skill level 4 in Fighting
  2411 | D:3      | Found a radiant altar of Vehumet.
  2415 | D:3      | Found a hide-covered altar of Uskayaw.
  2589 | D:3      | Noticed Grinder
  2590 | D:3      | 2590 ||| INVOKING Trog's Hand.
  2592 | D:3      | 2592 ||| INVOKING Berserk.
  2597 | D:3      | Killed Grinder
  2598 | D:3      | Reached XP level 6. HP: 52/52 MP: 5/5
  2963 | D:3      | Found an iron altar of Okawaru.
  3066 | D:3      | 3066 ||| UPGRADING to +0 scale mail.
  3076 | D:3      | 3076 ||| DROPPING +0 ring mail.
  3077 | D:3      | 3077 ||| DROPPING amulet of guardian spirit.
  3078 | D:3      | 3078 ||| UPGRADING to ring of poison resistance.
  3079 | D:3      | 3079 ||| READING scroll labelled WIXINT YCLEKUMISK.
  3080 | D:3      | 3080 ||| READING scroll labelled PEYSAG RIKK.
  3081 | D:3      | 3081 ||| READING scroll labelled LOYLOT MISI.
  3122 | D:4      | 3122 ||| READING scroll of enchant weapon.
  3122 | D:4      | 3122 ||| ENCHANTING +1 hand axe of draining.
  3228 | D:4      | Found a blossoming altar of Fedhas.
  3254 | D:4      | 3254 ||| Stepping ~*~*~tactically~*~*~ (stealth).
  3316 | D:4      | Noticed a shadow
  3317 | D:4      | Found a shadowy altar of Dithmenos.
  3318 | D:4      | Found a hazy altar of Hepliaklqana.
  3392 | D:4      | 3392 ||| Stepping ~*~*~tactically~*~*~ (stealth).
  3400 | D:4      | Reached skill level 9 in Axes
  3576 | D:4      | 3576 ||| Stepping ~*~*~tactically~*~*~ (hiding).
  3581 | D:4      | 3581 ||| INVOKING Berserk.
  3713 | D:4      | 3713 ||| Stepping ~*~*~tactically~*~*~ (stealth).
  3714 | D:4      | Found a basalt altar of Yredelemnul.
  3721 | D:4      | 3721 ||| INVOKING Berserk.
  3728 | D:4      | Reached skill level 5 in Fighting
  3728 | D:4      | Reached XP level 7. HP: 61/61 MP: 6/6
  3737 | D:4      | 3737 ||| Stepping ~*~*~tactically~*~*~ (stealth).
  3793 | D:4      | 3793 ||| UPGRADING to +0 pearl dragon scales.
  3805 | D:4      | 3805 ||| DROPPING +0 scale mail.
  3807 | D:4      | 3807 ||| READING scroll labelled WUMUFIOSEU.
  3984 | D:4      | 3984 ||| READING scroll labelled TOZISSABAD.
  3985 | D:4      | 3985 ||| READING scroll labelled CUVOUW CEUCW.
  3985 | D:4      | Identified a scroll of acquirement
  3985 | D:4      | 3985 ||| ACQUIRING +2 pair of boots "Tauteom" {Slay+2}
  3985 | D:4      | Acquired the +2 pair of boots "Tauteom" {Slay+2}
  3987 | D:4      | 3987 ||| UPGRADING to +2 pair of boots "Tauteom" {Slay+2}.
  3997 | D:4      | 3997 ||| DROPPING +0 pair of boots.
  3998 | D:4      | 3998 ||| READING scroll labelled XAMIT USU.
  4002 | D:4      | 4002 ||| DRINKING 5 viscous ruby potions.
  4003 | D:4      | 4003 ||| READING 2 scrolls of identify.
  4003 | D:4      | 4003 ||| IDENTIFYING fizzy amethyst potion
  4012 | D:5      | Entered Level 5 of the Dungeon
  4113 | D:5      | Noticed Menkaure
  4114 | D:5      | 4114 ||| Stepping ~*~*~tactically~*~*~ (hiding).
  4121 | D:5      | 4121 ||| INVOKING Berserk.
  4123 | D:5      | Killed Menkaure
  4236 | D:5      | 4236 ||| READING scroll of enchant armour.
  4236 | D:5      | 4236 ||| ENCHANTING +0 pearl dragon scales.
  4328 | D:5      | 4328 ||| INVOKING Berserk.
  4533 | D:5      | 4533 ||| INVOKING Berserk.
  4642 | D:5      | 4642 ||| INVOKING Berserk.
  4646 | D:5      | Reached skill level 1 in Throwing
  4650 | D:5      | Reached XP level 8. HP: 69/69 MP: 7/7
  4766 | D:5      | Identified the +2 spear of Severance {holy, rElec rC+ Str+3
                  | Int-5}
  4772 | D:5      | Found a bloodstained altar of Trog.
  4793 | D:5      | 4793 ||| Stepping ~*~*~tactically~*~*~ (stealth).
  4795 | D:5      | 4795 ||| INVOKING Berserk.
  4798 | D:5      | Reached skill level 6 in Fighting
  5114 | D:5      | 5114 ||| READING 2 scrolls of identify.
  5114 | D:5      | 5114 ||| IDENTIFYING golden potion
  5164 | D:6      | Found a staircase to the Ecumenical Temple.
  5172 | D:6      | 5172 ||| Stepping ~*~*~tactically~*~*~ (stealth).
  5174 | D:6      | 5174 ||| INVOKING Berserk.
  5232 | D:6      | 5232 ||| INVOKING Berserk.
  5376 | D:6      | 5376 ||| DROPPING +1 vorpal mace.
  5474 | D:6      | 5474 ||| INVOKING Berserk.
  5663 | D:6      | 5663 ||| Stepping ~*~*~tactically~*~*~ (hiding).
  5665 | D:6      | 5665 ||| Stepping ~*~*~tactically~*~*~ (hiding).
  5667 | D:6      | 5667 ||| Stepping ~*~*~tactically~*~*~ (hiding).
  5668 | D:6      | 5668 ||| Stepping ~*~*~tactically~*~*~ (hiding).
  5669 | D:6      | 5669 ||| Stepping ~*~*~tactically~*~*~ (hiding).
  5670 | D:6      | 5670 ||| Stepping ~*~*~tactically~*~*~ (hiding).
  5787 | D:6      | 5787 ||| READING scroll of enchant weapon.
  5787 | D:6      | 5787 ||| ENCHANTING +2 hand axe of draining.
  5863 | D:6      | Reached skill level 12 in Axes
  5881 | D:6      | 5881 ||| Stepping ~*~*~tactically~*~*~ (stealth).
  5883 | D:6      | 5883 ||| Stepping ~*~*~tactically~*~*~ (hiding).
  5923 | D:6      | 5923 ||| Stepping ~*~*~tactically~*~*~ (stealth).
  5933 | D:6      | 5933 ||| INVOKING Berserk.
  6049 | D:6      | 6049 ||| READING scroll of enchant weapon.
  6049 | D:6      | 6049 ||| ENCHANTING +3 hand axe of draining.
  6055 | D:6      | 6055 ||| SWAPPING to +0 war axe.
  6056 | D:6      | 6056 ||| DROPPING +4 hand axe of draining.
  6057 | D:6      | 6057 ||| READING scroll of enchant armour.
  6057 | D:6      | 6057 ||| ENCHANTING +1 pearl dragon scales.
  6322 | D:6      | 6322 ||| READING scroll labelled VAKKYK WYCZOT.
  6323 | D:6      | 6323 ||| DRINKING 2 bubbling sapphire potions.
  6324 | D:6      | 6324 ||| DROPPING potion of degeneration.
  6338 | D:7      | 6338 ||| STAIRDANCE
  6343 | D:7      | 6343 ||| STAIRDANCE
  6345 | D:6      | 6345 ||| INVOKING Berserk.
  6456 | D:7      | Reached skill level 7 in Fighting
  6456 | D:7      | Reached XP level 9. HP: 76/79 MP: 8/8
  6461 | D:7      | 6461 ||| Stepping ~*~*~tactically~*~*~ (hiding).
  6463 | D:7      | 6463 ||| Stepping ~*~*~tactically~*~*~ (stealth).
  6464 | D:7      | 6464 ||| Stepping ~*~*~tactically~*~*~ (stealth).
  6464 | D:7      | Found a burning altar of Makhleb.
  6465 | D:7      | 6465 ||| INVOKING Berserk.
  6550 | D:7      | 6550 ||| Stepping ~*~*~tactically~*~*~ (water).
  6596 | D:7      | Found a glowing silver altar of Zin.
  6631 | D:7      | Found an ancient bone altar of Kikubaaqudgha.
  6730 | D:7      | 6730 ||| Stepping ~*~*~tactically~*~*~ (hiding).
  6731 | D:7      | 6731 ||| Stepping ~*~*~tactically~*~*~ (hiding).
  6840 | D:7      | 6840 ||| INVOKING Berserk.
  6847 | D:7      | 6847 ||| Stepping ~*~*~tactically~*~*~ (stealth).
  6853 | D:7      | Reached skill level 8 in Fighting
  7535 | D:7      | 7535 ||| READING scroll labelled IKKAD MIWU.
  7536 | D:7      | 7536 ||| READING scroll labelled DUATOOGAMI.
  7537 | D:7      | 7537 ||| DRINKING 3 viscous cyan potions.
  7574 | D:7      | 7574 ||| DRINKING 2 purple potions.
  7575 | D:7      | 7575 ||| READING 2 scrolls of identify.
  7575 | D:7      | 7575 ||| IDENTIFYING metallic silvery potion
  7576 | D:7      | 7576 ||| DROPPING 2 potions of lignification.
  7577 | D:7      | 7577 ||| DROPPING potion of berserk rage.
  7673 | D:8      | Reached skill level 3 in Dodging
  7682 | D:8      | Reached skill level 6 in Armour
  7709 | D:8      | Found a staircase to the Lair.
  7799 | D:8      | 7799 ||| INVOKING Berserk.
  7801 | D:8      | Reached XP level 10. HP: 88/88 MP: 9/9
  7805 | D:8      | Noticed Pikel
  7816 | D:8      | Killed Pikel
  7961 | D:8      | 7961 ||| INVOKING Berserk.
  7968 | D:8      | Reached skill level 15 in Axes
  8160 | D:8      | Found Bipoyxyu's Demolitions Depot.
  8213 | D:8      | 8213 ||| READING scroll of enchant weapon.
  8213 | D:8      | 8213 ||| ENCHANTING +0 war axe.
  8366 | D:8      | Reached skill level 9 in Fighting
  8366 | D:8      | Reached *** piety under Trog
  8403 | D:8      | Found a broken altar of Ashenzari.
  8419 | D:8      | Found a snail-covered altar of Cheibriados.
  8424 | D:8      | 8424 ||| PLANNING LAIR
  8424 | D:8      | 8424 ||| UPGRADING to +4 ring of protection.
  8425 | D:8      | 8425 ||| READING scroll labelled LIB PULIFI.
  8463 | D:8      | 8463 ||| READING 2 scrolls of identify.
  8463 | D:8      | 8463 ||| IDENTIFYING black potion
  8464 | D:8      | 8464 ||| DROPPING potion of magic.
  8485 | Lair:1   | Entered Level 1 of the Lair of Beasts
  8526 | Lair:1   | 8526 ||| INVOKING Berserk.
  8626 | Lair:1   | Noticed a cane toad
  8630 | Lair:1   | 8630 ||| INVOKING Berserk.
  8634 | Lair:1   | Killed a cane toad
  8799 | Lair:1   | Noticed a cane toad
  8803 | Lair:1   | 8803 ||| INVOKING Berserk.
  8805 | Lair:1   | Killed a cane toad
  9199 | Lair:1   | Noticed a cane toad
  9203 | Lair:1   | 9203 ||| INVOKING Berserk.
  9206 | Lair:1   | Killed a cane toad
  9207 | Lair:1   | Reached skill level 10 in Fighting
  9396 | Lair:1   | 9396 ||| Stepping ~*~*~tactically~*~*~ (hiding).
  9397 | Lair:1   | 9397 ||| Stepping ~*~*~tactically~*~*~ (hiding).
  9451 | Lair:1   | Noticed a five-headed hydra
  9453 | Lair:1   | 9453 ||| SWAPPING to +0 flail.
  9454 | Lair:1   | 9454 ||| INVOKING Berserk.
  9460 | Lair:1   | Killed a five-headed hydra
  9461 | Lair:1   | Reached XP level 11. HP: 99/99 MP: 10/10
  9472 | Lair:1   | 9472 ||| SWAPPING to +1 war axe.
  9646 | Lair:1   | 9646 ||| DROPPING scarf of harm.
  9647 | Lair:1   | 9647 ||| DROPPING ring of positive energy.
  9648 | Lair:1   | 9648 ||| READING scroll labelled COASTI JUFEMP.
  9649 | Lair:1   | 9649 ||| READING 4 scrolls of identify.
  9649 | Lair:1   | 9649 ||| IDENTIFYING red potion
  9650 | Lair:1   | 9650 ||| READING 3 scrolls of identify.
  9650 | Lair:1   | 9650 ||| IDENTIFYING brown potion
  9651 | Lair:1   | 9651 ||| DROPPING potion of invisibility.
  9702 | Lair:2   | Found a staircase to the Shoals.
  9708 | Lair:2   | 9708 ||| INVOKING Berserk.
  9844 | Lair:2   | 9844 ||| INVOKING Berserk.
 10013 | Lair:2   | Noticed Erica
 10017 | Lair:2   | 10017 ||| INVOKING Berserk.
 10021 | Lair:2   | Killed Erica
 10040 | Lair:2   | Reached skill level 11 in Fighting
 10047 | Lair:2   | Reached skill level 9 in Armour
 10328 | Lair:2   | Found a hole to the Spider Nest.
 10660 | Lair:3   | 10660 ||| INVOKING Berserk.
 10924 | Lair:3   | 10924 ||| DROPPING +0 flail.
 10965 | Lair:3   | 10965 ||| INVOKING Berserk.
 11439 | Lair:4   | 11439 ||| INVOKING Berserk.
 11574 | Lair:4   | 11574 ||| INVOKING Berserk.
 11578 | Lair:4   | Reached skill level 12 in Fighting
 11584 | Lair:4   | 11584 ||| Stepping ~*~*~tactically~*~*~ (water).
 11631 | Lair:4   | 11631 ||| Stepping ~*~*~tactically~*~*~ (stealth).
 11893 | Lair:4   | 11893 ||| INVOKING Berserk.
 11895 | Lair:4   | Found a staircase to the Slime Pits.
 12006 | Lair:4   | 12006 ||| INVOKING Berserk.
 12127 | Lair:4   | 12127 ||| Stepping ~*~*~tactically~*~*~ (stealth).
 12129 | Lair:4   | 12129 ||| Stepping ~*~*~tactically~*~*~ (hiding).
 12541 | Lair:5   | Entered Level 5 of the Lair of Beasts
 12541 | Lair:5   | Noticed a death yak
 12541 | Lair:5   | Noticed a death yak
 12544 | Lair:5   | 12544 ||| STAIRDANCE
 12550 | Lair:5   | Noticed a death yak
 12551 | Lair:5   | 12551 ||| STAIRDANCE
 12567 | Lair:5   | Noticed a death yak
 12568 | Lair:5   | 12568 ||| STAIRDANCE
 12569 | Lair:5   | Noticed a death yak
 12570 | Lair:4   | 12570 ||| INVOKING Berserk.
 12581 | Lair:4   | Killed a death yak
 12694 | Lair:5   | Noticed a death yak
 12694 | Lair:5   | Noticed a death yak
 12695 | Lair:5   | 12695 ||| STAIRDANCE
 12695 | Lair:5   | Noticed a death yak
 12696 | Lair:5   | Noticed a death yak
 12697 | Lair:4   | 12697 ||| INVOKING Berserk.
 12703 | Lair:4   | Killed a death yak
 12704 | Lair:4   | Reached skill level 13 in Fighting
 12809 | Lair:5   | 12809 ||| STAIRDANCE
 12811 | Lair:4   | 12811 ||| INVOKING Berserk.
 12815 | Lair:4   | Killed a death yak
 12816 | Lair:4   | Reached XP level 12. HP: 109/115 MP: 11/11
 12820 | Lair:4   | Killed a death yak
 12821 | Lair:4   | Reached skill level 6 in Dodging
 12950 | Lair:5   | 12950 ||| STAIRDANCE
 12952 | Lair:4   | 12952 ||| INVOKING Berserk.
 12956 | Lair:4   | Reached skill level 3 in Throwing
 12956 | Lair:4   | Killed a death yak
 12959 | Lair:4   | Killed a death yak
 13106 | Lair:5   | 13106 ||| STAIRDANCE
 13108 | Lair:4   | 13108 ||| INVOKING Berserk.
 13116 | Lair:4   | Reached skill level 14 in Fighting
 13116 | Lair:4   | Killed a death yak
 13117 | Lair:4   | Killed a death yak
 13241 | Lair:5   | 13241 ||| INVOKING Berserk.
 13245 | Lair:5   | Killed a death yak
 13248 | Lair:5   | 13248 ||| STAIRDANCE
 13395 | Lair:5   | 13395 ||| Stepping ~*~*~tactically~*~*~ (stealth).
 13398 | Lair:5   | 13398 ||| Stepping ~*~*~tactically~*~*~ (stealth).
 13400 | Lair:5   | 13400 ||| Stepping ~*~*~tactically~*~*~ (stealth).
 13401 | Lair:5   | 13401 ||| Stepping ~*~*~tactically~*~*~ (stealth).
 13433 | Lair:5   | 13433 ||| Stepping ~*~*~tactically~*~*~ (stealth).
 13449 | Lair:5   | Reached skill level 15 in Fighting
 13464 | Lair:5   | Reached skill level 12 in Armour
 13473 | Lair:5   | 13473 ||| Stepping ~*~*~tactically~*~*~ (stealth).
 13531 | Lair:5   | 13531 ||| Stepping ~*~*~tactically~*~*~ (stealth).
 13534 | Lair:5   | 13534 ||| Stepping ~*~*~tactically~*~*~ (stealth).
 13551 | Lair:5   | Reached **** piety under Trog
 13574 | Lair:5   | 13574 ||| Stepping ~*~*~tactically~*~*~ (stealth).
 13609 | Lair:5   | 13609 ||| Stepping ~*~*~tactically~*~*~ (stealth).
 13670 | Lair:5   | 13670 ||| Stepping ~*~*~tactically~*~*~ (stealth).
 13671 | Lair:5   | 13671 ||| INVOKING Berserk.
 13680 | Lair:5   | 13680 ||| Stepping ~*~*~tactically~*~*~ (stealth).
 13691 | Lair:5   | Reached XP level 13. HP: 128/128 MP: 12/12
 13806 | Lair:5   | 13806 ||| Stepping ~*~*~tactically~*~*~ (stealth).
 13914 | Lair:5   | 13914 ||| INVOKING Berserk.
 13916 | Lair:5   | Reached skill level 16 in Fighting
 14198 | Lair:5   | 14198 ||| INVOKING Brothers in Arms.
 14200 | Lair:5   | 14200 ||| INVOKING Brothers in Arms.
 14201 | Lair:5   | 14201 ||| SWAPPING to +0 morningstar.
 14202 | Lair:5   | 14202 ||| INVOKING Berserk.
 14212 | Lair:5   | 14212 ||| SWAPPING to +1 war axe.
 14232 | Lair:5   | 14232 ||| Stepping ~*~*~tactically~*~*~ (stealth).
 14238 | Lair:5   | 14238 ||| Stepping ~*~*~tactically~*~*~ (stealth).
 14239 | Lair:5   | 14239 ||| Stepping ~*~*~tactically~*~*~ (stealth).
 14247 | Lair:5   | 14247 ||| INVOKING Berserk.
 14376 | Lair:5   | 14376 ||| Stepping ~*~*~tactically~*~*~ (stealth).
 14377 | Lair:5   | 14377 ||| INVOKING Berserk.
 14387 | Lair:5   | Reached skill level 17 in Fighting
 14405 | Lair:5   | HP: 31/132 [large abomination (15)]
 14406 | Lair:5   | 14406 ||| READING 5 scrolls of teleportation.
 14406 | Lair:5   | HP: 7/132 [death yak (19)]
 14406 | Lair:5   | Mangled by a large abomination

Levels and vault maps discovered:
D:1:      dpeg_arrival_line_fractal, layout_loops_ring,
          minmay_misc_feat_nine_boxes
D:2:      layout_basic
D:3:      layout_loops_corners, chequers_temple_overflow_statue_of_worship,
          okawaru_metal_pillars_3, serial_shops, shop,
          shapermc_ecumenical_altar_starsandcircs, uniq_terence, uniq_grinder
D:4:      layout_loops_cross, riverfiend_overflow_shadow_ancestor,
          lemuel_doored_altar, lemuel_round_altar,
          minmay_fractal_squares_gapless_5
D:5:      nicolae_BIG_FREAKIN_CUBE, layout_basic,
          mainiacjoe_overflow_cross_hatched, uniq_menkaure
D:6:      layout_basic, minmay_temple_entry_slanted
D:7:      layout_cave_pods, mainiacjoe_overflow_brackets, tgw_kikubaaqudgha,
          columned_hall_lemuel, minmay_ruined_shrine
D:8:      wad_crossroads, layout_rooms, mainiacjoe_overflow_swirl,
          lair_entry_dummy, nicolae_blasting_shop, grunt_ministairs_4,
          uniq_pikel
Lair:1:   layout_cellular_growth, infiniplex_staircase_pool
Lair:2:   layout_chaotic_city, shoals_dummy_entry, spider_nest_entry_web_field,
          lemuel_old_faithful, uniq_erica
Lair:3:   layout_misc_corridors, serial_bayou_shore_b
Lair:4:   layout_loops_ring, nicolae_slime_entry_slimehenge, serial_bayou,
          serial_bayou_crossing, serial_bayou_pond_e, serial_bayou_pond_b,
          serial_bayou_lagoon_b
Lair:5:   hellmonk_lair_end_abyssal_woods, layout_loops_ring, minivault_11,
          nicolae_lair_grove_arrangements, grunt_megastairs_1, uniq_nessos

Skill      XL: |  1  2  3  4  5  6  7  8  9 10 11 12 13 |
---------------+----------------------------------------+-----
Axes           | 4 5 6 8 9 10 12 14 16 | 16.1
Fighting       | 4 5 7 8 10 13 15 17 | 17.0
Armour         | 4 5 6 7 10 12 | 12.1
Throwing       | 1 2 3 |  3.0
Dodging        | 3 4 5 7 |  7.7

Action                   |  1- 3 |  4- 6 |  7- 9 | 10-12 | 13-15 || total
-------------------------+-------+-------+-------+-------+-------++-------
Melee: Hand axe          |    78 |    55 |    82 |       |       ||   215
       Headbutt          |    10 |    10 |    28 |    77 |    19 ||   144
       War axe           |       |       |    78 |   317 |    58 ||   453
       Punch             |       |       |     4 |     6 |       ||    10
       Flail             |       |       |       |     6 |       ||     6
       Morningstar       |       |       |       |       |     3 ||     3
Throw: Boomerang         |     3 |    30 |    57 |    66 |    12 ||   168
Invok: Berserk           |     1 |     4 |    13 |    22 |     4 ||    44
       Trog's Hand       |       |     1 |       |       |       ||     1
       Brothers in Arms  |       |       |       |       |     1 ||     1
  Use: Scroll            |     2 |     7 |    14 |     6 |     1 ||    30
       Potion            |     1 |       |     4 |       |       ||     5
Armor: Animal skin       |     6 |       |       |       |       ||     6
       Ring mail         |    11 |     5 |       |       |       ||    16
       Scale mail        |       |     7 |       |       |       ||     7
       Pearl dragon scal |       |       |    72 |   153 |    39 ||   264
Dodge: Dodged            |    51 |    19 |    43 |   132 |    31 ||   276

Table legend:
 A = Non-vault XP
 B = Vault XP
 C = Vault XP percentage of total XP
 D = Non-vault monster count
 E = Vault monster count
 F = Vault count percentage of total count
                 A         B        C        D         E       F
            +---------+---------+-------+---------+---------+-------
      Total |   34131 |   12259 |  26.4 |     240 |      40 |  14.3
            +---------+---------+-------+---------+---------+-------
        D:1 |      46 |       0 |   0.0 |      26 |       0 |   0.0
        D:2 |     152 |       0 |   0.0 |      21 |       0 |   0.0
        D:3 |       9 |     322 |  97.3 |       5 |       2 |  28.6
        D:4 |     214 |      18 |   7.8 |      21 |       4 |  16.0
        D:5 |     812 |     172 |  17.5 |       9 |       1 |  10.0
        D:6 |    1007 |      40 |   3.8 |      26 |       1 |   3.7
        D:7 |     694 |     917 |  56.9 |      12 |       7 |  36.8
        D:8 |    2023 |    1086 |  34.9 |      18 |       6 |  25.0
     Lair:1 |    4181 |       0 |   0.0 |      15 |       0 |   0.0
     Lair:2 |    2978 |     828 |  21.8 |      15 |       1 |   6.2
     Lair:3 |    1366 |       0 |   0.0 |       6 |       0 |   0.0
     Lair:4 |    4124 |    6886 |  62.5 |      17 |      15 |  46.9
     Lair:5 |   16525 |    1990 |  10.7 |      49 |       3 |   5.8
            +---------+---------+-------+---------+---------+-------
